 Dungeon Crawl Stone Soup version 0.30.0-30-g96aa6591b8 (webtiles) character file.

Game seed: 17129017692363440324

109 ces the Shooter (level 4, 0/22 HPs)
             Began as a Spriggan Hunter on June 26, 2023.
             Killed by divine providence
             ... invoked by an orc priest
              (9 damage)
             ... on level 3 of the Dungeon.
             The game lasted 00:03:28 (2931 turns).

ces the Shooter (Spriggan Hunter)                   Turns: 2931, Time: 00:03:29

Health: 0/22       AC:  2    Str:  7    XL:     4   Next: 60%
Magic:  5/5        EV: 18    Int: 10    God:
Gold:   102        SH:  0    Dex: 20    Spells: 3/3 levels left

rFire   . . .        a - +0 shortbow
rCold   . . .        (shield currently unavailable)
rNeg    . . .        c - +0 robe
rPois   .            (helmet restricted)
rElec   .            (no cloak)
rCorr   .            (gloves unavailable)
SInv    +            (boots unavailable)
Will    .....        (no amulet)
Stlth   ++           (no ring)
HPRegen 0.23/turn    (no ring)
MPRegen 0.09/turn

%: no passive effects
@: very quick
A: very small, no large weapons, unfitting armour, see invisible, speed 3
a: no special abilities


You were on level 3 of the Dungeon.
You visited 1 branch of the dungeon, and saw 3 of its levels.

You collected 102 gold pieces.

Inventory:

Hand Weapons
 a - a +0 shortbow (weapon)
Armour
 c - a +0 robe (worn)
Scrolls
 b - a scroll of immolation
 d - a scroll of teleportation {unknown}
 e - a scroll of noise {unknown}
 g - a scroll of identify {unknown}
 i - a scroll of blinking {unknown}
Potions
 f - 3 potions of lignification {unknown}
 h - 2 potions of curing {unknown}
 j - a potion of flight {unknown}


   Skills:
 - Level 1.5 Fighting
 + Level 6.1 Ranged Weapons
 - Level 2.6 Dodging
 - Level 1.5 Stealth


You had 3 spell levels left.
You didn't know any spells.
Your spell library was empty.

Dungeon Overview and Level Annotations

Branches:
Dungeon (3/15)

Altars:

Annotations:
D:2 Sigmund


Innate Abilities, Weirdness & Mutations

You are very small and have problems with some larger weapons.
You are too small for most types of armour.
You have supernaturally acute eyesight. (SInv)
You cover ground extremely quickly. (Speed+++)


Message History

No target in view!
j - a smoky green potion No target in view!
Found a pair of gloves.
No target in view!
A goblin and an orc come into view.
The goblin is wielding a +0 dagger of venom.
The goblin shouts!
The orc shouts!
You shoot an arrow. The arrow closely misses the orc.
An orc comes into view. It is wielding a +0 club.
There are monsters nearby!
You shoot an arrow. The arrow barely misses the orc.
The orc shouts!
There are monsters nearby!
There are monsters nearby!
You shoot an arrow. The arrow closely misses the orc.
The arrow hits the orc!
You kill the orc!
You shoot an arrow. The arrow hits the orc.
The orc is heavily wounded.
An orc priest comes into view. It is wielding a +0 trident.
You shoot an arrow. The orc priest shouts!
The arrow hits the orc!
You kill the orc!
You hear a shout!
You shoot an arrow. The arrow hits the goblin!
You kill the goblin!
An orc comes into view.
It is wielding a +0 short sword and wearing a +1 scale mail of fire resistance.
You shoot an arrow. The arrow barely misses the orc priest.
The arrow hits the orc but does no damage.
The orc priest calls down the wrath of Beogh upon you.
Beogh smites you!
Ouch! That really hurt!
You are too injured to fight recklessly!
You are too injured to fight recklessly!
You are too injured to fight recklessly!
Unknown command.
The orc priest mumbles some strange prayers to Beogh against you.
Beogh smites you!
You die...

####....###...#.#
#...†# ###.#.#
#.#### #...## ##.#
##.... ##..# #.###
## #..## #.# ...
##.## ##.# ....
#..# #..#
..[..##@##
######.####
.....(..#
#...)......
.....#†.#
#........... ####
##.......>.........
#)####..........<.
..# ............


oo# ............ ...# ......#+#... ..)# .....# ##.. You could see an orc priest
and an orc.

Vanquished Creatures
  Jessica (D:2)
  3 adders (D:2)
  3 orcs (D:3)
  3 ball pythons (D:2)
  2 endoplasms
  2 giant cockroaches (D:1)
  5 goblins
  6 hobgoblins
  6 jackals (D:2)
  5 kobolds
  3 quokkas
  4 bats
  5 frilled lizards
  3 rats
51 creatures vanquished.

Notes
Turn   | Place    | Note
-------+----------+-------------------------------------------
     0 | D:1      | ces the Spriggan Hunter began the quest for the Orb.
     0 | D:1      | Reached XP level 1. HP: 10/10 MP: 2/2
   188 | D:1      | Reached XP level 2. HP: 14/14 MP: 3/3
   566 | D:2      | Noticed Sigmund
  1070 | D:2      | Reached skill level 5 in Ranged Weapons
  1070 | D:2      | Reached XP level 3. HP: 16/18 MP: 4/4
  2088 | D:2      | Noticed Jessica
  2089 | D:2      | Killed Jessica
  2121 | D:2      | Reached XP level 4. HP: 19/22 MP: 5/5
  2382 | D:2      | Found a faded altar of an unknown god.
  2881 | D:3      | Reached skill level 6 in Ranged Weapons
  2931 | D:3      | Killed from afar by an orc priest

Illustrated notes

Levels and vault maps discovered:
D:1:      mrwooster_arrival_statue, layout_basic,
          nicolae_concentric_dashed_squares_mild
D:2:      layout_basic, basic_ecumenical_altar, kennysheep_path_1, uniq_jessica,
          uniq_sigmund
D:3:      layout_rooms, pdpol_temple_overflow_zin_treasury_gozag_greed,
          serial_shops, nicolae_shop_behind_doors, feat_on_display

Skill      XL: |  1  2  3  4 |
---------------+-------------+-----
Ranged Weapons | 5 6 |  6.1
Fighting       | |  1.5
Dodging        | |  2.6
Stealth        | |  1.5

Action                     |  1- 3 |  4- 6 || total
---------------------------+-------+-------++-------
   Fire: Shortbow          |    80 |    59 ||   139
 Armour: Robe              |     5 |     1 ||     6
  Dodge: Dodged            |    29 |    12 ||    41
